 Dungeon Crawl Stone Soup version 0.29.1-15-g9cfb28693d (webtiles) character file.

Game seed: 6694782848593480745

55 tizbic2 the Charlatan (level 3, -2/27 HPs)
             Began as a Demonspawn Artificer on Apr 19, 2023.
             Was a Believer of Qazlal.
             Slain by an orc wizard
             ... wielding a +0 dagger
              (3 damage)
             ... on level 2 of the Dungeon.
             The game lasted 00:05:41 (1708 turns).

tizbic2 the Charlatan (Demonspawn Artificer)        Turns: 1708, Time: 00:05:42

Health: -2/27      AC:  3    Str: 14    XL:     3   Next: 67%
Magic:  3/3        EV: 11    Int: 12    God:    Qazlal [**....]
Gold:   26         SH:  0    Dex: 13    Spells: 2/2 levels left

rFire   . . .      SeeInvis .     - Unarmed
rCold   . . .      Faith    .   (no shield)
rNeg    . . .      Spirit   .   b - +0 leather armour
rPois   .          Reflect  +   (no helmet)
rElec   .          Harm     .   (no cloak)
rCorr   .          Rampage  .   (no gloves)
Will    .....                   (no boots)
Stlth   +.........              h - amulet of reflection
HPRegen 0.09/turn               (no ring)
MPRegen 0.08/turn               (no ring)

@: confused, mighty
A: claws 1, demonic magic 1
a: Renounce Religion, Upheaval


You were on level 2 of the Dungeon.
You worshipped Qazlal.
Qazlal was pleased with you.
You visited 1 branch of the dungeon, and saw 2 of its levels.

You collected 26 gold pieces.

Inventory:

Hand Weapons
 a - a +0 mace
 f - a +0 hand axe
 w - a +0 sling
Missiles
 j - 6 poisoned darts
Armour
 b - a +0 leather armour (worn)
 l - a +1 pair of gloves
Jewellery
 h - an amulet of reflection (around neck)
Wands
 c - a wand of flame (13) (quivered)
 d - a wand of charming (13)
 e - a wand of iceblast (5)
Scrolls
 i - 2 scrolls of teleportation {unknown}
 k - a scroll of enchant weapon {unknown}


   Skills:
 + Level 1.8 Fighting
 + Level 0.6 Maces & Flails
 - Level 1.7 Armour
 - Level 0.8 Dodging
 - Level 0.8 Stealth
 * Level 2.1 Unarmed Combat
 - Level 3.2 Evocations


You had 2 spell levels left.
You didn't know any spells.
Your spell library contained the following spells:

 Spells                   Type           Power      Damage    Failure   Level
 Apportation              Tloc           0%         N/A       38%         1


Dungeon Overview and Level Annotations

Branches:
Dungeon (2/15)

Altars:
Qazlal

Shops:
D:1 *


Innate Abilities, Weirdness & Mutations

You have sharp fingernails.
Spells you cast may paralyse adjacent enemies.


Message History

You see here a giant cockroach corpse.
You completely miss the orc.
The orc is severely wounded.
The orc hits you but does no damage. The hobgoblin hits your orc priest.
Your orc priest barely misses the orc.
Something completely misses your orc priest.
You barely miss the orc.
The orc is severely wounded.
You block the orc's attack.
Your orc priest hits the orc with a +0 club.
The orc dies!
Qazlal accepts your kill.
You hear some strange, mumbled words.
Something tries to affect you, but you resist.
The hobgoblin hits your orc priest.
Your orc priest seems less confused.
You hear some strange, mumbled words.
You are confused.
The hobgoblin hits your orc priest.
Your orc priest dies!
Your Unarmed Combat skill increases to level 2!
Items here: ( ) [ †.
You see here a giant cockroach corpse.
You closely miss the hobgoblin. Something hits you.
* * * LOW HITPOINT WARNING * * *
The hobgoblin hits you.
* * * LOW HITPOINT WARNING * * *
It was a potion of might.
You feel very mighty all of a sudden.
You hear some strange, mumbled words.
Something tries to affect you, but you resist.
The hobgoblin hits you.
* * * LOW HITPOINT WARNING * * *
You scratch the hobgoblin.
You kill the hobgoblin!
Qazlal accepts your kill. Something hits you.
* * * LOW HITPOINT WARNING * * *
You bump into the rock wall.
Something hits you.
You die...

.. ## ... #. # .#.. #.
#.## ....##. #... ..#....
##### # #...... #...# #
#.#...)## #..)###### #
#.....So####........#####
......#{@................
####. #########.....#####
.. #.....# ## #.....#
#######


You could see an orc and a ball python.

Vanquished Creatures
  A dart slug (D:1)
  An orc (D:2)
  2 ball pythons (D:1)
  2 endoplasms
  A giant cockroach (D:1)
  5 goblins (D:1)
  5 hobgoblins
  3 jackals (D:1)
  A quokka (D:1)
  3 bats (D:1)
  7 kobolds (D:1)
  3 rats (D:1)
34 creatures vanquished.

Vanquished Creatures (collateral kills)
  An orc (D:2)
  A giant cockroach (D:2)
2 creatures vanquished.

Vanquished Creatures (others)
  An orc priest (D:2)
  A ball python (D:1)
  A fungus (D:1)
  A plant (D:1)
4 creatures vanquished.

Grand Total: 40 creatures vanquished

Notes
Turn   | Place    | Note
-------+----------+-------------------------------------------
     0 | D:1      | tizbic2 the Demonspawn Artificer began the quest for the
                  | Orb.
     0 | D:1      | Reached XP level 1. HP: 15/15 MP: 1/1
    40 | D:1      | Found Myenakle's General Store.
   426 | D:1      | Reached skill level 1 in Unarmed Combat
   426 | D:1      | Gained mutation: Spells you cast may paralyse adjacent
                  | enemies. [demonic ancestry]
   426 | D:1      | Reached XP level 2. HP: 3/21 MP: 2/2
   797 | D:1      | Found a faded altar of an unknown god.
   819 | D:1      | Got Plato's Parchment of Direction
   822 | D:1      | Prayed at the altar of an unknown god.
   822 | D:1      | Became a worshipper of Qazlal Stormbringer
   822 | D:1      | Reached * piety under Qazlal
  1329 | D:1      | Gained mutation: You have sharp fingernails. [demonic
                  | ancestry]
  1329 | D:1      | Reached XP level 3. HP: 16/26 MP: 3/3
  1696 | D:2      | Reached ** piety under Qazlal
  1707 | D:2      | HP: 1/27 [something (4)]
  1708 | D:2      | Slain by an orc wizard

Illustrated notes

Levels and vault maps discovered:
D:1:      lemuel_arrival_muddy, layout_loops_cross, serial_shops, shop,
          shapermc_ecumenical_altar_rom_forum
D:2:      layout_basic

Skill      XL: |  1  2  3 |
---------------+----------+-----
Unarmed Combat | 1 2 |  2.1
Fighting       | |  1.8
Maces & Flails | |  0.6
Armour         | |  1.7
Dodging        | |  0.8
Stealth        | |  0.8
Evocations     | |  3.2

Action                   || total
-------------------------++-------
Melee: Club              ||    16
       Hand axe          ||    41
       Mace              ||    27
       Unarmed           ||    13
 Fire: Sling             ||    12
Evoke: Wand              ||     4
  Use: Potion            ||     1
Armor: Leather armour    ||    28
Dodge: Dodged            ||    52
Block: Other             ||    21
